 Dungeon Crawl Stone Soup version 0.23-a0-49-gd9f7a49 (webtiles) character file.

77 Amnesiac the Digger (level 4, -3/30 HPs)
             Began as a Mummy Earth Elementalist on Aug 6, 2018.
             Slain by Menkaure (18 damage)
             ... on level 4 of the Dungeon.
             The game lasted 00:01:55 (795 turns).

Amnesiac the Digger (Mummy Earth Elementalist)       Turns: 795, Time: 00:01:56

Health: -3/30      AC:  3    Str: 11    XL:     4   Next: 13%
Magic:  7/9        EV: 12    Int: 15    God:
Gold:   47         SH:  0    Dex: 12    Spells: 0/10 levels left

rFire    x . .     SeeInvis .   a - +0 hunting sling
rCold    + . .     Gourm    .   (no shield)
rNeg     + + +     Faith    .   c - +0 robe
rPois    ∞         Spirit   .   (no helmet)
rElec    .         Reflect  .   (no cloak)
rCorr    .         Harm     .   d - +0 pair of gloves
MR       .....                  (no boots)
Stlth    ++........             (no amulet)
HPRegen  0.10/turn              (no ring)
MPRegen  0.11/turn              (no ring)

@: no status effects
A: no food or potions, fire vulnerability, cold resistance 1, negative energy
resistance 3, torment resistance, unbreathing
a: no special abilities


You were on level 4 of the Dungeon.
You were not hungry.

You visited 1 branch of the dungeon, and saw 6 of its levels.

You collected 47 gold pieces.

Inventory:

Hand Weapons
 a - a +0 hunting sling (weapon)
 e - a +0 falchion
Missiles
 b - 23 stones
 f - 11 sling bullets (quivered)
Armour
 c - a +0 robe (worn)
 d - a +0 pair of gloves (worn)
Scrolls
 g - a scroll of immolation {!r, unknown}


   Skills:
 - Level 1.5 Dodging
 - Level 1.5 Stealth
 + Level 3.7 Spellcasting
 - Level 0.7 Transmutations
 * Level 3.7 Earth Magic


You couldn't memorise any spells.
You knew the following spells:

 Your Spells              Type           Power        Failure   Level  Hunger
a - Sandblast             Erth           ##....       4%          1    N/A
b - Passwall              Tmut/Erth      #.......     12%         2    N/A
c - Stone Arrow           Conj/Erth      #.....       26%         3    N/A
e - Petrify               Tmut/Erth      #.......     58%         4    N/A

Your spell library contained the following spells:

 Spells                   Type           Power        Failure   Level  Hunger
 Lee's Rapid Deconstruct  Erth           ##........   73%         5    N/A

Dungeon Overview and Level Annotations

Branches:
Dungeon (6/15)
 Temple: D:4-7

Altars:
Makhleb
Nemelex Xobeh
Okawaru
Ru
Uskayaw

Annotations:
D:4 Menkaure


Innate Abilities, Weirdness & Mutations

You do not eat or drink.
Your flesh is vulnerable to fire.
You are immune to poison.
Your flesh is cold resistant. (rC+)
You are immune to negative energy. (rN+++)
You are immune to unholy pain and torment.
You can survive without breathing.


Message History

Aim: a howler monkey The blast of sand hits the howler monkey.
The howler monkey is severely wounded.
b - 24 stones Unknown command.
Casting: Sandblast (safe; 4% risk of failure)
Confirm with . or Enter, or press ? or * to list all spells.
Aiming: Sandblast (safe; 4% risk of failure)
Press: ? - help, Shift-Dir - straight line, f/p - howler monkey
Aim: a howler monkey (severely wounded)
The blast of sand hits the howler monkey.
You kill the howler monkey!
You have reached level 4!
b - 23 stones Memorise Stone Arrow, consuming 3 spell levels and leaving 4?
You start memorising the spell.
You continue memorising. x3
The centaur wields a shortbow.
The centaur shoots an arrow.
Your memorisation is interrupted.
The arrow hits you!
Memorise Stone Arrow, consuming 3 spell levels and leaving 4?
You start memorising the spell.
You continue memorising.
The centaur shoots an arrow.
Your memorisation is interrupted.
The arrow hits you!
* * * LOW HITPOINT WARNING * * *
You climb upwards.
You hear the sound of rushing water.
There is an entrance to a sewer on this level.
Hurry and find it before the portal rusts away!
There is a stone staircase leading down here.
Okay, then.
Memorise Stone Arrow, consuming 3 spell levels and leaving 4?
You start memorising the spell.
You continue memorising. x3
You finish memorising.
Spell assigned to 'c'.
This spell is very dangerous to cast!
Memorise Petrify, consuming 4 spell levels and leaving 0?
You start memorising the spell.
You continue memorising. x4
You finish memorising.
Spell assigned to 'e'.
You hear the slow rusting of a drain nearby.
There is a sacrificial altar of Ru here.
Casting: Sandblast (safe; 4% risk of failure)
Confirm with . or Enter, or press ? or * to list all spells.
Aiming: Passwall (safe; 12% risk of failure)
Press: ? - help, Dir - move target cursor, f - you Please select a wall.
A sacrificial altar of Ru.
Please select a wall.
Okay, then.
Casting: Passwall (safe; 12% risk of failure)
Confirm with . or Enter, or press ? or * to list all spells.
Aiming: Passwall (safe; 12% risk of failure)
Press: ? - help, Dir - move target cursor A translucent rock wall.
You begin to meditate on the wall.
You continue meditating on the rock. x2
You finish merging with the rock.
You see here 18 arrows.
There is a stone staircase leading up here.
You climb upwards.
Menkaure shouts!
A hound skeleton comes into view.
The hound skeleton closely misses you. The hound skeleton bites you.
Found a stone staircase leading up.
There is a stone staircase leading down here.
The hound skeleton bites you.
* * * LOW HITPOINT WARNING * * *
Menkaure hits you!!
Ouch! That really hurt!
You die...

#### ...
##..# #...#
#<..# #
#...#
#####.#...#
......Z@#
#####.#M# #
#.# #.# #.#
#.# #.# #.#


You could see Menkaure and a hound skeleton.

Vanquished Creatures
  A howler monkey (D:6)
  2 adders
  A leopard gecko (D:3)
  A ball python (D:1)
  2 bats
  2 giant cockroaches
  2 goblins (D:1)
  A hobgoblin (D:2)
  2 kobolds
  2 frilled lizards
  4 rats
20 creatures vanquished.

Notes
Turn   | Place    | Note
-------+----------+-------------------------------------------
     0 | D:1      | Amnesiac the Mummy Earth Elementalist began the quest for the Orb.
     0 | D:1      | Reached XP level 1. HP: 13/13 MP: 4/4
   139 | D:1      | Reached XP level 2. HP: 19/19 MP: 5/5
   143 | D:1      | Learned a level 2 spell: Passwall
   270 | D:3      | Reached XP level 3. HP: 11/24 MP: 0/7
   730 | D:5      | Entered Level 5 of the Dungeon
   735 | D:5      | Found a sacrificial altar of Ru.
   735 | D:5      | Found an iron altar of Okawaru.
   738 | D:5      | Found a burning altar of Makhleb.
   742 | D:5      | Found a sparkling altar of Nemelex Xobeh.
   742 | D:5      | Found a hide-covered altar of Uskayaw.
   757 | D:6      | Reached XP level 4. HP: 30/30 MP: 4/9
   758 | D:6      | Noticed a centaur
   770 | D:5      | Learned a level 3 spell: Stone Arrow
   775 | D:5      | Learned a level 4 spell: Petrify
   794 | D:4      | Noticed Menkaure
   795 | D:4      | Slain by Menkaure

Vault maps used:
D:1:      dpeg_arrival_signposts
D:2:      first_ration, hangedman_decor_points, serial_park_tiny_1
D:3:      led_sif_pool
D:4:      minmay_misc_feat_tower, uniq_sigmund, uniq_menkaure
D:5:      nicolae_overflow_hidden_temple, serial_shops, shop,
          portal_sewer_entry_d, uniq_prince_ribbit1, uniq_crazy_yiuf_cottage
D:6:      xom_confusion_cloud, gammafunk_temple_overflow_claw,
          minmay_temple_entry_large_hall

Skill      XL: |  1  2 |
---------------+-------+-----
Spellcasting   | 3 |  3.7
Earth Magic    | 3 |  3.7
Dodging        | |  1.5
Stealth        | |  1.5
Transmutations | |  0.7

Action                   |  1- 3 |  4- 6 || total
-------------------------+-------+-------++-------
 Fire: Hunting sling     |    25 |       ||    25
 Cast: Sandblast         |    18 |     1 ||    19
       Passwall          |     1 |     1 ||     2
Armor: Robe              |     6 |       ||     6
Dodge: Dodged            |    15 |     1 ||    16

Table legend:
 A = Spawn XP
 B = Non-spawn XP
 C = Spawn XP percentage of total XP
 D = Spawn monster count
 E = Non-spawn monster count
 F = Spawn count percentage of total count
 G = Total turns spent on level
                    A         B        C        D         E        F      G
               +---------+---------+-------+---------+---------+-------+---------
         Total |       0 |     110 |   0.0 |       0 |      20 |   0.0 |   795
               +---------+---------+-------+---------+---------+-------+---------
           D:1 |       0 |      13 |   0.0 |       0 |       8 |   0.0 |   195
           D:2 |       0 |      21 |   0.0 |       0 |       5 |   0.0 |   373
           D:3 |       0 |      21 |   0.0 |       0 |       5 |   0.0 |   127
           D:4 |       0 |       1 |   0.0 |       0 |       1 |   0.0 |    36
           D:6 |       0 |      54 |   0.0 |       0 |       1 |   0.0 |    12
               +---------+---------+-------+---------+---------+-------+---------
